 Dungeon Crawl Stone Soup version 0.20.1-1-g8b1a95d (webtiles) character file.

310 mopl the Skirmisher (level 6, -12/51 HPs)
             Began as a Formicid Wanderer on Sept 1, 2017.
             Mangled by Pikel
             ... wielding a +1 whip of electrocution
              (15 damage)
             ... on level 4 of the Dungeon.
             The game lasted 00:06:30 (3947 turns).

mopl the Skirmisher (Formicid Wanderer)             Turns: 3947, Time: 00:06:31

Health: -12/51     AC: 11    Str: 17    XL:     6   Next: 69%
Magic:  6/6        EV:  7    Int: 11    God:
Gold:   108        SH:  5    Dex: 14    Spells: 5/5 levels left

rFire    . . .     SeeInvis +   x - +0 hand axe
rCold    . . .     Gourm    .   q - +0 buckler (curse)
rNeg     . . .     Faith    .   w - +2 chain mail {rPois}
rPois    +         Spirit   .   (helmet unavailable)
rElec    .         Reflect  .   (no cloak)
rCorr    .         Harm     .   (no gloves)
MR       .....                  (no boots)
Stlth    ..........             j - amulet of magic regeneration
Regen    0.2/turn               n - +2 ring of intelligence
MPRegen  0.2/turn               (no ring)

@: no status effects
A: permanent stasis, dig shafts and tunnels, four strong arms, antennae 3
a: Dig, Shaft Self


You were on level 4 of the Dungeon.
You were very hungry.

You visited 1 branch of the dungeon, and saw 5 of its levels.

You collected 108 gold pieces.

Inventory:

Hand Weapons
 a - a +2 short sword
 b - a +0 falchion
 x - a +0 hand axe (weapon)
Missiles
 y - 3 tomahawks (quivered)
Armour
 q - a cursed +0 buckler (worn)
 r - a +0 plate armour
 w - a +2 chain mail of poison resistance (worn)
Jewellery
 j - an amulet of magic regeneration (around neck)
 n - a +2 ring of intelligence (left hand)
Scrolls
 e - 5 scrolls of identify {unknown}
 i - 2 scrolls of remove curse {unknown}
 l - 2 scrolls of teleportation {unknown}
 o - 2 scrolls of fog {unknown}
 v - 2 scrolls of enchant weapon {unknown}
 z - a scroll of recharging {unknown}
Potions
 c - a potion of curing
 d - a potion of magic {unknown}
 g - a potion of heal wounds {unknown}
 h - a potion of degeneration {unknown}
 k - a potion of might {unknown}
 m - a potion of agility {unknown}
 s - a potion of lignification {unknown}
Comestibles
 f - 3 bread rations
 p - 3 meat rations
 t - a royal jelly
 u - 4 fruits


   Skills:
 + Level 5.2 Fighting
 - Level 2.0 Short Blades
 * Level 1.4 Axes
 - Level 1.0 Throwing
 + Level 4.5 Armour
 - Level 1.2 Stealth
 + Level 3.2 Shields
   Level 1.1 Evocations


You had 5 spell levels left.
You didn't know any spells.

Dungeon Overview and Level Annotations

Branches:
Dungeon (5/15)
 Temple: D:4-7

Altars:
Okawaru
Trog

Annotations:
D:3 pichaelthompson's ghost, amateur DrSk
D:4 Nordron's ghost, amateur MiGl; Pikel


Innate Abilities, Weirdness & Mutations

You cannot be hasted, slowed, berserked, paralysed or teleported.
You can dig through walls and to a lower floor.
Your four strong arms can wield two-handed weapons with a shield.
You have a pair of large antennae on your head. (SInv)


Message History

You closely miss Pikel. Pikel hits you but does no damage.
You hit Pikel.
Pikel is lightly wounded.
Pikel hits you with a whip of electrocution.
You are electrocuted!
* * * LOW HITPOINT WARNING * * *
Pikel hits you but does no damage.
You hit Pikel.
Pikel is lightly wounded.
Pikel hits you but does no damage.
You hit Pikel but do no damage.
Pikel is lightly wounded.
Pikel hits you with a whip of electrocution.
* * * LOW HITPOINT WARNING * * *
You closely miss Pikel.
Pikel is lightly wounded.
Pikel hits you with a whip of electrocution.
* * * LOW HITPOINT WARNING * * *
You are electrocuted!
You die...

#######
###.....###
#.........##
#...........##
#.............##
##
#........K......#
.####
#.........@.....#
....#
#..............#
....##
#..............#
.....#
#............##
.....#
#............#
.....##
#............#
......#
##...........#
......#
#....########
.....## ##..###


You could see Pikel.

Vanquished Creatures
  A howler monkey (D:4)
  A bullfrog skeleton (D:4)
  An iguana (D:4)
  A worker ant (D:4)
  3 gnolls (D:2)
  5 adders
  An ooze (D:3)
  An adder skeleton (D:4)
  5 worms
  3 dart slugs
  3 leopard geckos
  5 orcs (D:3)
  7 giant cockroaches
  8 goblins
  10 hobgoblins
  6 jackals
  8 kobolds
  2 quokkas (D:3)
  8 bats
  4 frilled lizards
  8 rats
91 creatures vanquished.

Notes
Turn   | Place    | Note
-------+----------+-------------------------------------------
     0 | D:1      | mopl the Formicid Wanderer began the quest for the Orb.
     0 | D:1      | mopl set off with: a +2 short sword, a +0 falchion, a potion of curing, a +0 robe, a bread ration
     0 | D:1      | Reached XP level 1. HP: 18/18 MP: 1/1
   155 | D:1      | Reached XP level 2. HP: 16/24 MP: 2/2
   757 | D:1      | Reached XP level 3. HP: 5/30 MP: 3/3
  1036 | D:1      | Reached skill level 3 in Armour
  1102 | D:1      | Reached skill level 4 in Fighting
  1512 | D:2      | Reached skill level 1 in Shields
  1536 | D:2      | Reached XP level 4. HP: 18/37 MP: 4/4
  1767 | D:2      | Found a bloodstained altar of Trog.
  1768 | D:2      | Found an iron altar of Okawaru.
  2102 | D:2      | Reached skill level 2 in Shields
  2102 | D:2      | Reached XP level 5. HP: 43/43 MP: 5/5
  2251 | D:3      | Noticed pichaelthompson's ghost (amateur DrSk)
  2705 | D:4      | Reached skill level 4 in Armour
  2883 | D:3      | Reached XP level 6. HP: 42/50 MP: 6/6
  3116 | D:3      | Reached skill level 5 in Fighting
  3125 | D:3      | Reached skill level 3 in Shields
  3265 | D:4      | Noticed Nordron's ghost (amateur MiGl)
  3423 | D:4      | Reached skill level 1 in Axes
  3920 | D:5      | Entered Level 5 of the Dungeon
  3925 | D:5      | Noticed Pikel
  3926 | D:5      | Noticed a slave
  3926 | D:5      | Noticed a slave
  3926 | D:5      | Noticed a slave
  3927 | D:5      | Noticed a slave
  3947 | D:4      | Mangled by Pikel

Skill      XL: |  1  2  3  4  5  6 |
---------------+-------------------+-----
Armour         | 3 4 |  4.5
Fighting       | 4 5 |  5.2
Shields        | 1 2 3 |  3.2
Axes           | 1 |  1.4
Short Blades   | |  2.0
Throwing       | |  1.0
Stealth        | |  1.2
Evocations     | |  1.1

Action                   |  1- 3 |  4- 6 || total
-------------------------+-------+-------++-------
Melee: Falchion          |   105 |   229 ||   334
       Hand axe          |       |   105 ||   105
Throw: Tomahawk          |       |     3 ||     3
 Abil: Dig               |       |     2 ||     2
 Stab: Sleeping          |     2 |       ||     2
  Eat: Chunk             |     2 |     8 ||    10
Armor: Robe              |    21 |       ||    21
       Ring mail         |    23 |    16 ||    39
       Chain mail        |       |   183 ||   183
Dodge: Dodged            |    80 |   150 ||   230
Block: Buckler           |     6 |    73 ||    79
       Rpst.: Falchion   |    15 |    37 ||    52
